 Dungeon Crawl Stone Soup version 0.29.1-12-g30fa7ad0bf (webtiles) character file.

Game seed: 4919301943010014686

36 Unglued128 the Conjurer (level 3, 0/26 HPs)
             Began as a Draconian Conjurer on Dec 26, 2022.
             Slain by a gnoll
             ... wielding a +0 spear
              (6 damage)
             ... on level 2 of the Dungeon.
             The game lasted 00:08:44 (1935 turns).

Unglued128 the Conjurer (Draconian Conjurer)        Turns: 1935, Time: 00:08:45

Health: 0/26       AC:  5    Str:  9    XL:     3   Next: 19%
Magic:  6/6        EV: 12    Int: 20    God:
Gold:   73         SH:  0    Dex:  9    Spells: 5/6 levels left

rFire   . . .      SeeInvis .   e - +0 dagger
rCold   . . .      Faith    .   (no shield)
rNeg    . . .      Spirit   .   (body armour unavailable)
rPois   .          Reflect  .   (helmet restricted)
rElec   .          Harm     .   (no cloak)
rCorr   .          Rampage  .   (no gloves)
Will    .....                   (no boots)
Stlth   ++........              (no amulet)
HPRegen 0.08/turn               (no ring)
MPRegen 0.10/turn               (no ring)

@: no status effects
A: AC +5, unfitting armour, cold-blooded
a: no special abilities


You were on level 2 of the Dungeon.
You visited 1 branch of the dungeon, and saw 2 of its levels.

You collected 73 gold pieces.

Inventory:

Hand Weapons
 e - a +0 dagger (weapon)
Missiles
 d - 6 poisoned darts (quivered)
Potions
 a - 2 potions of magic
 b - 2 potions of curing
 c - a potion of ambrosia


   Skills:
 + Level 0.2 Fighting
 + Level 1.7 Dodging
 + Level 1.9 Stealth
 + Level 0.4 Unarmed Combat
 + Level 2.2 Spellcasting
 + Level 4.7 Conjurations


You had 5 spell levels left.
You knew the following spells:

 Your Spells              Type           Power      Damage    Failure   Level
a - Magic Dart            Conj           84%        1d7       2%          1

Your spell library contained the following spells:

 Spells                   Type           Power      Damage    Failure   Level
 Searing Ray              Conj           42%        2d6       3%          2
 Apportation              Tloc           4%         N/A       16%         1
 Dazzling Flash           Conj/Hex       22%        N/A       17%         3
 Fulminant Prism          Conj/Hex       5%         3d7       50%         4
 Iskenderun's Mystic Bla  Conj/Tloc      11%        2d4       50%         4
 Alistair's Intoxication  Tmut/Pois      1%         N/A       99%         5


Dungeon Overview and Level Annotations

Branches:
Dungeon (2/15)

Altars:


Innate Abilities, Weirdness & Mutations

Your plain brown scales are hard. (AC +5)
You cannot fit into any form of body armour.
You are cold-blooded and may be slowed by cold attacks.


Message History

The magic dart hits the rat.
You kill the rat!
A gnoll comes into view. It is wielding a +0 spear.
The gnoll moves out of view.
A gnoll comes into view. It is wielding a +0 spear.
Found a dagger.
Casting: Magic Dart (safe; 2% risk of failure)
Confirm with . or Enter, or press ? or * to list all spells.
Aiming: Magic Dart (safe; 2% risk of failure)
Press: ? - help, Shift-Dir - straight line, f - gnoll
Aim: a gnoll, wielding a +0 spear (100% to hit)
The magic dart hits the gnoll but does no damage.
A gnoll comes into view. It is wielding a +0 club.
A giant cockroach comes into view.
A rat comes into view.
The rat twitches its whiskers.
The rat bites you.
You closely miss the rat. The rat bites you.
You hit the rat. You tail-slap the rat.
You kill the rat!
The gnoll hits you from afar with a +0 spear.
You closely miss the giant cockroach.
The gnoll hits you from afar with a +0 spear!
The giant cockroach bites you but does no damage.
You hit the giant cockroach.
The giant cockroach is moderately wounded.
The giant cockroach bites you. The gnoll closely misses you.
You hit the giant cockroach.
The giant cockroach is heavily wounded.
The giant cockroach barely misses you. The gnoll hits you but does no damage.
The giant cockroach bites you.
You hit the giant cockroach but do no damage.
The giant cockroach is heavily wounded.
The gnoll hits you from afar with a +0 spear.
* * * LOW HITPOINT WARNING * * *
The giant cockroach bites you but does no damage.
You hit the giant cockroach.
You kill the giant cockroach!
The gnoll hits you from afar with a +0 spear.
You die...

######### #....#.#
..#..#..## ...).....#
.........#######
########...g.g.#
..#....#.#####.# ###
..#.##.#.....#g###...###
....##...##.##..@.......
.#######....###########.
.# #..### .#######..#
.##.......# ###.####.##
#.# #.# #.#


You could see a gnoll.

Vanquished Creatures
  A worm (D:2)
  4 bats
  An endoplasm (D:1)
  2 giant cockroaches
  A goblin (D:2)
  5 hobgoblins
  4 jackals (D:1)
  7 kobolds
  A ball python (D:1)
  2 frilled lizards (D:1)
  4 rats
32 creatures vanquished.

Notes
Turn   | Place    | Note
-------+----------+-------------------------------------------
     0 | D:1      | Unglued128 the Draconian Conjurer began the quest for the
                  | Orb.
     0 | D:1      | Reached XP level 1. HP: 14/14 MP: 3/3
   387 | D:1      | Reached XP level 2. HP: 20/20 MP: 3/5
   692 | D:1      | Found a faded altar of an unknown god.
  1621 | D:2      | Reached XP level 3. HP: 20/26 MP: 1/6
  1935 | D:2      | Slain by a gnoll

Illustrated notes

Levels and vault maps discovered:
D:1:      giann_horns, layout_loops_corners, hellmonk_ecumenical_altar_lost_god
D:2:      wad_river_or_something, layout_basic

Action                   || total
-------------------------++-------
Melee: Unarmed           ||    46
       Dagger            ||    14
       Tailslap          ||     5
Throw: Dart              ||     4
 Cast: Magic Dart        ||    58
  Use: Scroll            ||     4
Armor: Skin              ||    27
Dodge: Dodged            ||    30
